 Dungeon Crawl Stone Soup version 0.28-a0-1567-g1695149f81 (webtiles) character file.

Game seed: 15756224425088629739

130 lunkers the Sneak (level 4, -3/30 HPs)
             Began as a Vampire Enchanter on Jan 19, 2022.
             Slain by an orc priest (4 damage)
             ... on level 3 of the Dungeon.
             The game lasted 00:04:37 (2291 turns).

lunkers the Sneak (Vampire Enchanter)               Turns: 2291, Time: 00:04:37

Health: -3/30      AC:  5    Str:  7    XL:     4   Next: 89%
Magic:  7/7        EV: 12    Int: 19    God:
Gold:   144        SH:  0    Dex: 14    Spells: 2/7 levels left

rFire   . . .      SeeInvis +   a - +2 dagger (elec)
rCold   . . .      Faith    .   (no shield)
rNeg    . . .      Spirit   .   i - +0 robe
rPois   .          Reflect  .   (no helmet)
rElec   .          Harm     .   l - +0 cloak
rCorr   .          Rampage  .   (no gloves)
Will    .....                   f - +1 pair of boots
Stlth   +++.......              (no amulet)
HPRegen 0.30/turn               (no ring)
MPRegen 0.10/turn               (no ring)

@: healing quickly
A: alive, fangs 3, see invisible, vampiric 2
a: Exsanguinate


You were on level 3 of the Dungeon.
You visited 1 branch of the dungeon, and saw 3 of its levels.

You collected 144 gold pieces.

Inventory:

Hand Weapons
 a - a +2 dagger of electrocution (weapon)
 b - a +5 quick blade
 e - a +1 dagger
Armour
 f - a +1 pair of boots (worn)
 i - a +0 robe (worn)
 l - a +0 cloak (worn)
Wands
 j - a wand of mindburst (10)
Scrolls
 h - a scroll of enchant armour
 k - 2 scrolls of vulnerability
Potions
 c - a potion of invisibility
 d - a potion of haste
 g - a potion of resistance
 m - a potion of magic {unknown}
 n - a potion of experience


   Skills:
 * Level 3.4 Short Blades
 - Level 2.1 Dodging
 + Level 6.0 Stealth
 - Level 2.0 Spellcasting
 + Level 5.8 Hexes


You had 2 spell levels left.
You knew the following spells:

 Your Spells              Type           Power      Damage    Failure   Level
b - Ensorcelled Hibernat  Hex/Ice        24%        N/A       8%          2
c - Confusing Touch       Hex            24%        N/A       4%          3

Your spell library contained the following spells:

 Spells                   Type           Power      Damage    Failure   Level
 Tukima's Dance           Hex            24%        N/A       4%          3
 Dazzling Flash           Conj/Hex       24%        N/A       16%         3


Dungeon Overview and Level Annotations

Branches:
Dungeon (3/15)

Altars:
Yredelemnul


Innate Abilities, Weirdness & Mutations

Your natural rate of healing is accelerated.
You have razor-sharp teeth.
You have supernaturally acute eyesight. (SInv)
You are afflicted with vampirism and can become a bat while bloodless.


Message History

You impale the orc priest!!
You kill the orc priest!
The orc priest shouts!
You hear a shout!
The orc shouts!
Your Stealth skill increases to level 6!
The orc shouts!
You hit the orc.
The orc is heavily wounded.
The orc hits you with a +0 club.
You hit the orc.
The orc is almost dead.
An orc comes into view. It is wielding a +0 short sword.
You barely miss the orc.
The orc priest mumbles some strange prayers to Beogh against you.
Beogh smites you!
Ouch! That really hurt!
* * * LOW HITPOINT WARNING * * *
The orc hits you with a +0 flail.
* * * LOW HITPOINT WARNING * * *
Aiming: Mindburst
Press: ? - help, Shift-Dir - straight line, f - orc
Aim: an orc, wielding a +0 flail and wearing a +0 leather armour (chance to affect: 79%)
The orc's mind is blasted!
You blow up the orc!
Aiming: Mindburst
Press: ? - help, Shift-Dir - straight line, f - orc
Aim: an orc, wielding a +0 short sword and wearing a +0 leather armour (chance to affect: 79%)
The orc's mind is blasted!
You blow up the orc!
The orc priest calls down the wrath of Beogh upon you.
Beogh smites you!
* * * LOW HITPOINT WARNING * * *
Aiming: Mindburst
Press: ? - help, Shift-Dir - straight line, f - orc priest
Aim: an orc priest, wielding a +0 club and wearing a +0 ring mail (chance to affect: 64%)
The orc priest struggles to resist.
Aiming: Mindburst
Press: ? - help, Shift-Dir - straight line, f/p - orc priest
Aim: an orc priest, wielding a +0 club and wearing a +0 ring mail (chance to affect: 64%)
The orc priest struggles to resist.
The orc priest hits you with a +0 club.
You die...

......# #
#.##### .#
#.# .# #.#
..# #.#
###..# #.#
#.)..# #.#
#o# #.#
#o# # #@#
# #.# #
#.# #.# #
#.# #.# #
#.######.#
#
#.##...#.#
#
#.##.....#
#
#.##...###
#.###.##


You could see an orc priest and an orc.

Vanquished Creatures
  An orc priest (D:3)
  2 adders (D:2)
  2 worms (D:2)
  2 dart slugs
  3 orcs (D:3)
  4 endoplasms
  A giant cockroach (D:1)
  5 goblins
  11 hobgoblins
  2 jackals (D:3)
  10 kobolds
  3 quokkas
  2 ball pythons (D:2)
  7 bats
  3 frilled lizards
  7 rats
  A spectral orc (D:3)
66 creatures vanquished.

Notes
Turn   | Place    | Note
-------+----------+-------------------------------------------
     0 | D:1      | lunkers the Vampire Enchanter began the quest for the Orb.
     0 | D:1      | Reached XP level 1. HP: 13/13 MP: 3/3
   414 | D:1      | Reached XP level 2. HP: 19/19 MP: 5/5
   604 | D:1      | Upgraded the game from 0.28-a0-1555-g9ae15a6949 to
                  | 0.28-a0-1567-g1695149f81
   648 | D:1      | Reached skill level 5 in Stealth
   652 | D:1      | Reached skill level 5 in Hexes
   974 | D:2      | Gained mutation: You are afflicted with vampirism and can
                  | become a bat while bloodless. [Vampire growth]
   974 | D:2      | Reached XP level 3. HP: 24/24 MP: 6/6
  1154 | D:2      | Learned a level 2 spell: Ensorcelled Hibernation
  1158 | D:2      | Learned a level 3 spell: Confusing Touch
  1479 | D:2      | Reached XP level 4. HP: 30/30 MP: 7/7
  2097 | D:3      | Identified a scroll of acquirement
  2097 | D:3      | Acquired a +5 quick blade
  2145 | D:3      | Found a basalt altar of Yredelemnul.
  2176 | D:3      | Found a faded altar of an unknown god.
  2281 | D:3      | Reached skill level 6 in Stealth
  2289 | D:3      | HP: 1/30 [orc priest/divine providence (13)]
  2291 | D:3      | Slain by an orc priest

Illustrated notes

Levels and vault maps discovered:
D:1:      heliophobic_arrival_enchanted_forest, layout_loops_corners,
          chequers_serial_rivers_micro_d, minmay_heptomino_w4
D:2:      layout_loops_ring, lightli_corner_chamber
D:3:      layout_loops_ring, yredelemnul_forgotten_temple_becter,
          shapermc_ecumenical_altar_mp_vishouse

Skill      XL: |  1  2  3  4 |
---------------+-------------+-----
Stealth        | 5 6 |  6.0
Hexes          | 5 |  5.8
Short Blades   | 2 3 |  3.4
Dodging        | |  2.1
Spellcasting   | |  2.0

Action                   |  1- 3 |  4- 6 || total
-------------------------+-------+-------++-------
Melee: Dagger            |    93 |    46 ||   139
       Bite              |     9 |     4 ||    13
       Punch             |       |     1 ||     1
Evoke: Wand              |       |     4 ||     4
  Use: Scroll            |       |     7 ||     7
 Stab: Sleeping          |    16 |     3 ||    19
       Distracted        |     3 |       ||     3
Armor: Robe              |    14 |    11 ||    25
Dodge: Dodged            |    39 |    29 ||    68

Table legend: (Time is in decaauts)
 A = Elapsed time spent in this place.
 B = Non-inter-level travel time spent in this place.
 C = Inter-level travel time spent in this place.
 D = Time resting spent in this place.
 E = Time spent auto-exploring this place.
 F = Levels seen in this place.
 G = Mean time per level.
                   A        B        C        D        E       F      G
               +--------+--------+--------+--------+--------+-----+--------+
         Total |   2273 |   2191 |     82 |      0 |   1772 |   3 |  757.7 |
       Dungeon |   2273 |   2191 |     82 |      0 |   1772 |   3 |  757.7 |
               +--------+--------+--------+--------+--------+-----+--------+

Top non-repeatable levels by time:
     D:1: 898 daAuts
     D:2: 864 daAuts
     D:3: 510 daAuts
